 Dungeon Crawl Stone Soup version 0.30-a0-728-gc68057be0a (webtiles) character file.

Game seed: 2853854166506102104

156 Crownlay the Chiller (level 5, -9/37 HPs)
             Began as a Gnoll Ice Elementalist on Jan 31, 2023.
             Mangled by an ogre
             ... wielding a +0 giant spiked club
              (22 damage)
             ... on level 3 of the Dungeon.
             The game lasted 00:03:08 (2294 turns).

Crownlay the Chiller (Gnoll Ice Elementalist)       Turns: 2294, Time: 00:03:09

Health: -9/37      AC:  9    Str:  8    XL:     5   Next: 37%
Magic:  4/12       EV: 13    Int: 16    God:
Gold:   140        SH:  0    Dex: 12    Spells: 7/14 levels left

rFire   . . .      SeeInvis .    f - +0 spear
rCold   . . .      Faith    .    (no shield)
rNeg    . . .      Spirit   .    a - +0 robe
rPois   +          Reflect  .    (no helmet)
rElec   .          Harm     .    (no cloak)
rCorr   .          Rampage  .    (no gloves)
Will    .....                    (no boots)
Stlth   +++                      (no amulet)
HPRegen 0.26/turn                q - ring of flight
MPRegen 0.13/turn                i - ring of poison resistance

@: ice-armoured, flying
A: fangs 1, strong nose, distributed training
a: no special abilities


You were on level 3 of the Dungeon.
You visited 1 branch of the dungeon, and saw 3 of its levels.

You collected 140 gold pieces.

Inventory:

Hand Weapons
 e - a +0 dagger
 f - a +0 spear (weapon)
Armour
 a - a +0 robe (worn)
Jewellery
 h - a ring of protection from cold
 i - a ring of poison resistance (right hand)
 q - a ring of flight (left hand)
Scrolls
 c - 2 scrolls of fog
 g - a scroll of vulnerability
 j - 2 scrolls of brand weapon
 p - 3 scrolls of teleportation
 r - a scroll of amnesia
Potions
 b - a potion of magic
 d - a potion of flight {unknown}
 k - a potion of heal wounds {unknown}
 l - a potion of degeneration {unknown}
 m - a potion of experience {unknown}
 n - 2 potions of brilliance {unknown}
 s - a potion of attraction {unknown}
 t - a potion of curing {unknown}


   Skills:
 + Level 1.5 Fighting
 + Level 1.5 Short Blades
 + Level 1.5 Long Blades
 + Level 1.5 Axes
 + Level 1.5 Maces & Flails
 + Level 1.5 Polearms
 + Level 1.5 Staves
 + Level 1.5 Ranged Weapons
 + Level 1.5 Throwing
 + Level 1.5 Armour
 + Level 4.8 Dodging
 + Level 4.4 Stealth
 + Level 1.5 Shields
 + Level 1.5 Unarmed Combat
 + Level 5.2 Spellcasting
 + Level 1.2 Conjurations
 + Level 1.2 Hexes
 + Level 1.2 Summonings
 + Level 1.2 Necromancy
 + Level 1.2 Translocations
 + Level 1.2 Transmutations
 + Level 1.2 Fire Magic
 + Level 7.2 Ice Magic
 + Level 1.2 Air Magic
 + Level 1.2 Earth Magic
 + Level 1.2 Poison Magic
 + Level 1.7 Invocations
 + Level 1.5 Evocations


You had 7 spell levels left.
You knew the following spells:

 Your Spells              Type           Power      Damage    Failure   Level
a - Freeze                Ice            100%       1d10      1%          1
b - Frozen Ramparts       Ice            54%        1d9       2%          3
c - Ozocubu's Armour      Ice            27%        N/A       2%          3

Your spell library contained the following spells:

 Spells                   Type           Power      Damage    Failure   Level
 Summon Ice Beast         Ice/Summ       17%        N/A       26%         4


Dungeon Overview and Level Annotations

Branches:
Dungeon (3/15)

Altars:


Innate Abilities, Weirdness & Mutations

You have very sharp teeth.
Your uncanny sense of smell can sniff out nearby items.
Your experience applies equally to all skills.


Message History

The kobold closely misses you.
You aren't carrying any items that you can evoke.
Unknown command.
You hit the kobold.
You kill the kobold!
The wall freezes the ogre.
The wall freezes the orc.
Reach: f) +0 spear
Press: ? - help, Dir - move target, f - ogre
Aim: an ogre, wielding a +0 giant spiked club (lightly wounded, about 26% to evade your +0 spear)
You reach to attack!
You barely miss the ogre.
The ogre is lightly wounded.
The wall freezes the ogre.
The wall freezes the orc!
You kill the orc!
Reach: f) +0 spear
Press: ? - help, Dir - move target, f/p - ogre
Aim: an ogre, wielding a +0 giant spiked club (moderately wounded, about 26% to evade your +0 spear)
You hit the ogre but do no damage.
The ogre is moderately wounded.
The wall freezes the ogre.
The ogre barely misses you.
Reach: f) +0 spear
Press: ? - help, Dir - move target, f/p - ogre
Aim: an ogre, wielding a +0 giant spiked club (moderately wounded, about 26% to evade your +0 spear)
You hit the ogre. You bite the ogre.
The ogre is heavily wounded.
Reach: f) +0 spear
Press: ? - help, Dir - move target, f/p - ogre
Aim: an ogre, wielding a +0 giant spiked club (heavily wounded, about 26% to evade your +0 spear)
You closely miss the ogre.
The ogre is heavily wounded.
The wall freezes the ogre.
The ogre hits you with a +0 giant spiked club!
Reach: f) +0 spear
Press: ? - help, Dir - move target, f/p - ogre
Aim: an ogre, wielding a +0 giant spiked club (severely wounded, about 26% to evade your +0 spear)
You hit the ogre. Your punch misses the ogre.
The ogre is severely wounded.
The frozen ramparts melt away.
The ogre hits you with a +0 giant spiked club!!
Ouch! That really hurt!
You die...

∆ ########
#@O...<#
#)###.......#
.).#
#####.#.#
...... #
o.o.<...
.o.......
.........
.......... ∆


You could see an ogre.

Vanquished Creatures
  An orc priest (D:3)
  A jelly (D:3)
  3 adders (D:2)
  3 dart slugs
  2 orcs (D:3)
  4 ball pythons
  4 endoplasms (D:1)
  5 goblins
  4 hobgoblins
  10 jackals (D:1)
  3 quokkas
  9 bats
  4 frilled lizards
  2 kobolds
  4 rats
59 creatures vanquished.

Notes
Turn   | Place    | Note
-------+----------+-------------------------------------------
     0 | D:1      | Crownlay the Gnoll Ice Elementalist began the quest for the
                  | Orb.
     0 | D:1      | Reached XP level 1. HP: 13/13 MP: 6/6
   114 | D:1      | Reached XP level 2. HP: 10/19 MP: 2/7
   502 | D:1      | Reached skill level 5 in Spellcasting
   502 | D:1      | Reached XP level 3. HP: 19/25 MP: 1/9
   506 | D:1      | Learned a level 3 spell: Frozen Ramparts
   510 | D:1      | Learned a level 3 spell: Ozocubu's Armour
   860 | D:1      | You fall into a shaft and drop 1 floor!
   933 | D:1      | Reached skill level 1 in Invocations
  1126 | D:1      | Reached skill level 1 in Fighting
  1126 | D:1      | Reached skill level 1 in Short Blades
  1126 | D:1      | Reached skill level 1 in Long Blades
  1126 | D:1      | Reached skill level 1 in Axes
  1126 | D:1      | Reached skill level 1 in Maces & Flails
  1126 | D:1      | Reached skill level 1 in Polearms
  1126 | D:1      | Reached skill level 1 in Staves
  1126 | D:1      | Reached skill level 1 in Ranged Weapons
  1126 | D:1      | Reached skill level 1 in Throwing
  1126 | D:1      | Reached skill level 1 in Armour
  1126 | D:1      | Reached skill level 1 in Shields
  1126 | D:1      | Reached skill level 1 in Unarmed Combat
  1126 | D:1      | Reached skill level 1 in Evocations
  1432 | D:2      | Reached XP level 4. HP: 32/32 MP: 3/11
  1862 | D:2      | Reached skill level 1 in Conjurations
  1862 | D:2      | Reached skill level 1 in Hexes
  1862 | D:2      | Reached skill level 1 in Summonings
  1862 | D:2      | Reached skill level 1 in Necromancy
  1862 | D:2      | Reached skill level 1 in Translocations
  1862 | D:2      | Reached skill level 1 in Transmutations
  1862 | D:2      | Reached skill level 1 in Fire Magic
  1862 | D:2      | Reached skill level 1 in Air Magic
  1862 | D:2      | Reached skill level 1 in Earth Magic
  1862 | D:2      | Reached skill level 1 in Poison Magic
  2281 | D:3      | Reached XP level 5. HP: 32/37 MP: 5/12
  2285 | D:3      | Noticed an ogre
  2294 | D:3      | Mangled by an ogre

Illustrated notes

Levels and vault maps discovered:
D:1:      mainiacjoe_arrival_reflecting_pool, layout_basic, minmay_pentomino_q2
D:2:      layout_basic, chequers_serial_rivers_micro_d
D:3:      layout_basic, mainiacjoe_overflow_paths,
          chequers_temple_overflow_statue_of_worship,
          cheibrodos_sewer_entry_bend, bh_walls_and_bars, uniq_grinder,
          uniq_robin, uniq_natasha, uniq_sigmund

Skill      XL: |  1  2  3  4 |
---------------+-------------+-----
Spellcasting   | 5 |  5.2
Invocations    | 1 |  1.7
Fighting       | 1 |  1.5
Short Blades   | 1 |  1.5
Long Blades    | 1 |  1.5
Axes           | 1 |  1.5
Maces & Flails | 1 |  1.5
Polearms       | 1 |  1.5
Staves         | 1 |  1.5
Ranged Weapons | 1 |  1.5
Throwing       | 1 |  1.5
Armour         | 1 |  1.5
Shields        | 1 |  1.5
Unarmed Combat | 1 |  1.5
Evocations     | 1 |  1.5
Conjurations   | 1 |  1.2
Hexes          | 1 |  1.2
Summonings     | 1 |  1.2
Necromancy     | 1 |  1.2
Translocations | 1 |  1.2
Transmutations | 1 |  1.2
Fire Magic     | 1 |  1.2
Air Magic      | 1 |  1.2
Earth Magic    | 1 |  1.2
Poison Magic   | 1 |  1.2
Dodging        | |  4.8
Stealth        | |  4.4
Ice Magic      | |  7.2

Action                     |  1- 3 |  4- 6 || total
---------------------------+-------+-------++-------
  Melee: Dagger            |    13 |       ||    13
         Spear             |     9 |    46 ||    55
         Punch             |     1 |       ||     1
         Bite              |       |     3 ||     3
   Cast: Freeze            |    43 |       ||    43
         Frozen Ramparts   |     3 |     5 ||     8
         Ozocubu's Armour  |     2 |     2 ||     4
    Use: Scroll            |     3 |     2 ||     5
   Stab: Sleeping          |       |     3 ||     3
 Armour: Robe              |     8 |     8 ||    16
  Dodge: Dodged            |    40 |    19 ||    59

Table legend: (Time is in decaauts)
 A = Elapsed time spent in this place.
 B = Non-inter-level travel time spent in this place.
 C = Inter-level travel time spent in this place.
 D = Time resting spent in this place.
 E = Time spent auto-exploring this place.
 F = Levels seen in this place.
 G = Mean time per level.
                   A        B        C        D        E       F      G
               +--------+--------+--------+--------+--------+-----+--------+
         Total |   2292 |   2234 |     58 |      0 |   1875 |   3 |  764.0 |
       Dungeon |   2292 |   2234 |     58 |      0 |   1875 |   3 |  764.0 |
               +--------+--------+--------+--------+--------+-----+--------+

Top non-repeatable levels by time:
     D:1: 1332 daAuts
     D:2: 936 daAuts
     D:3: 24 daAuts
